 Dungeon Crawl Stone Soup version 0.24.0-13-gcf9b319 (webtiles) character file.

Game seed: 11536930867519572104, levelgen mode: deterministic

73594 Fang the Fighter (level 15, -4/151 HPs)
             Began as a Gargoyle Berserker on Nov 26, 2019.
             Was the Champion of Trog.
             Slain by a red ugly thing (9 damage)
             ... on level 14 of the Dungeon.
             The game lasted 00:24:28 (20834 turns).

Fang the Fighter (Gargoyle Berserker)              Turns: 20834, Time: 00:24:28

Health: -4/151     AC: 34    Str: 32    XL:     15   Next: 43%
Magic:  15/15      EV: 16    Int:  5    God:    Trog [******]
Gold:   2116       SH:  9    Dex: 13    Spells: 14/14 levels left

rFire    . . .     SeeInvis .   A - +5 broad axe (flame)
rCold    . . .     Gourm    .   N - +0 shield
rNeg     + . .     Faith    .   b - +4 plate armour
rPois    ∞         Spirit   .   H - -3 helmet of Zatoockoci {+Blink +Inv rElec Int-3 Dex+4}
rElec    +         Reflect  .   (no cloak)
rCorr    .         Harm     .   (no gloves)
MR       +....                  (no boots)
Stlth    ..........             C - amulet of the acrobat
HPRegen  0.35/turn              m - +4 ring of protection
MPRegen  0.14/turn              t - +5 ring of evasion

@: berserking, flying, very slightly contaminated, very quick
A: big wings, negative energy resistance 1, electricity resistance, unbreathing,
petrification resistance, rot immunity, AC +11
a: Stop Flying, Berserk, Trog's Hand, Brothers in Arms, Renounce Religion, Evoke
Blink, Evoke Invisibility


You were on level 14 of the Dungeon.
You worshipped Trog.
Trog was exalted by your worship.
You were very hungry.

You visited 4 branches of the dungeon, and saw 23 of its levels.
You also visited: Bailey.

You collected 2116 gold pieces.

Inventory:

Hand Weapons
 a - a +3 broad axe
 A - a +5 broad axe of flaming (weapon)
 K - the +6 executioner's axe "Zevo" {flame, Int+2}
   (Trog gifted it to you on level 3 of the Lair of Beasts)

   It has been specially enchanted to burn those struck by it, causing extra
   injury to most foes and up to half again as much damage against particularly
   susceptible opponents.
   Big, fiery blades are also staple armaments of hydra-hunters.
   It affects your intelligence (+2).
Armour
 b - a +4 plate armour (worn)
 H - the -3 helmet of Zatoockoci (worn) {+Blink +Inv rElec Int-3 Dex+4}
   (You found it on level 10 of the Dungeon)

   It affects your intelligence (-3).
   It affects your dexterity (+4).
   It insulates you from electricity.
   It lets you turn invisible.
   It lets you blink.
 N - a +0 shield (worn)
Jewellery
 m - a +4 ring of protection (left hand)
 t - a +5 ring of evasion (right hand)
 C - an amulet of the acrobat (around neck)
Wands
 f - a wand of flame (40)
 r - a wand of acid (16)
 v - a wand of random effects (15)
 w - a wand of polymorph (16)
 y - a wand of iceblast (51)
 D - a wand of disintegration (15)
 E - a wand of scattershot (5)
 J - a wand of enslavement (13)
 L - a wand of digging (4)
Scrolls
 g - 8 scrolls of teleportation
 h - a scroll of blinking
 i - 7 scrolls of identify
 j - 10 scrolls of remove curse
 p - 4 scrolls of holy word
 q - 3 scrolls of fear
 x - 4 scrolls of fog
 z - 3 scrolls of magic mapping
Potions
 d - 2 potions of agility
 e - 4 potions of invisibility
 k - 15 potions of curing
 l - 3 potions of resistance
 o - 2 potions of haste
 s - 5 potions of heal wounds
 u - 6 potions of mutation
 B - 2 potions of might
 F - 2 potions of berserk rage
 G - a potion of cancellation
Comestibles
 c - 45 rations


   Skills:
 + Level 14.6 Fighting
 + Level 12.6 Axes
 + Level 14.4 Armour
 + Level 11.6 Dodging


You had 14 spell levels left.
You didn't know any spells.
Your spell library was empty.

Dungeon Overview and Level Annotations

Branches:
Dungeon (15/15)            Temple (1/1) D:5            Lair (6/6) D:8
  Swamp (0/4) Lair:3       Spider (1/4) Lair:2        Slime (0/5) Lair:5
    Orc (0/2) D:10         Vaults (0/5) D:14         Depths (0/5) D:15
 Bailey (visited)

Altars:
Cheibriados
Dithmenos
Fedhas
Gozag
Kikubaaqudgha
Nemelex Xobeh
Qazlal
Ru
Uskayaw
Vehumet
Wu Jian
Xom

Shops:
D:9 !

Annotations:
D:11 Nergalle
D:13 3 runed translucent doors, Gonodgh's ghost, journeyman MiFi
Lair:1 1 runed translucent door, Zdeegee's ghost, journeyman TrAs


Innate Abilities, Weirdness & Mutations

You are resistant to torment.
Your stone body is resilient. (AC +11)
You are immune to poison.
Your large and strong wings let you fly indefinitely.
You resist negative energy. (rN+)
You are resistant to electric shocks. (rElec)
You can survive without breathing.
You are immune to petrification.
You are immune to rotting.


Message History

There is a stone staircase leading down here.
A red film seems to cover your vision as you go berserk!
You feel yourself moving faster!
You feel mighty!
You are feeling very hungry.
The white ugly thing gores you but does no damage.
The red ugly thing gores you.
You are engulfed in flames!!
* * * LOW HITPOINT WARNING * * *
You slash the red ugly thing! You burn the red ugly thing.
The red ugly thing is moderately wounded.
You slash the white ugly thing! You burn the white ugly thing.
You carve the red ugly thing like a ham!!!
You burn the red ugly thing.
The red ugly thing is almost dead.
You hit the white ugly thing but do no damage.
The white ugly thing gores you!
* * * LOW HITPOINT WARNING * * *
The white ugly thing freezes you!!
* * * LOW HITPOINT WARNING * * *
The red ugly thing gores you!
You die...

#÷# #.######..# # #.#
#.##....(.### #.# #.##.####....
#.# #.##.######.. #.# #......#
#..
######.############......####..
#.....#......##................
###.##.###.###....####.....###...
...#..## ##.##..@................
###.##.###.###..uu######.#.####..
#.###.#.## #..### #.#.#####.
###.# ##.#####..# #.........
.##.# #........# #########. .##.#
#######.## ##### #. .##.# #.#
##...## #. .##.#
######.########.....# #.
.##.#####............##.....# #.


You could see 2 ugly things.

Vanquished Creatures
  A slime creature (D:14)
  Snorg (Lair:6)
  2 fire dragons
  Fannar (D:11)
  4 ice dragons
  Harold (Lair:1)
  A hydra (Lair:3)
  A catoblepas (D:14)
  8 vault guards
  A centaur warrior (D:13)
  A death knight (D:14)
  3 tengu warriors
  7 two-headed ogres
  Urug (Lair:1)
  4 unseen horrors
  A swamp dragon (Lair:6)
  A lindwurm (Lair:6)
  3 deep elf magi
  A manticore (shapeshifter) (D:14)
  An elephant (shapeshifter) (D:13)
  2 cyclopes
  An ugly thing (D:15)
  A black mamba (Lair:2)
  5 elephants (Lair:2)
  9 spiny frogs
  Psyche (D:8)
  5 torpor snails
  A kobold demonologist (D:12)
  An efreet (D:13)
  8 komodo dragons
  A rime drake (Lair:2)
  5 trolls
  6 hornets
  2 tyrant leeches (Lair:6)
  6 polar bears
  A meliai zombie (D:14)
  16 hippogriffs
  22 blink frogs
  Grinder (D:6)
  2 shadows
  Sigmund (D:2)
  2 redbacks (Lair:2)
  2 wyverns
  3 wraiths
  39 yaks
  A vampire (D:15)
  Grum (Lair:1)
  2 basilisks
  A human (D:7)
  2 hungry ghosts
  3 hogs (D:7)
  A steam dragon (D:13)
  8 vampire mosquitoes
  8 swamp worms (Lair:1)
  4 insubstantial wisps
  A soldier ant (D:12)
  3 acid dragons
  8 water moccasins
  5 porcupines
  6 swamp drakes
  9 orc warriors
  8 ice beasts
  2 sky beasts
  2 phantoms
  3 black bears
  An eye of draining (D:15)
  5 ogres
  A hornet zombie (D:10)
  16 wolves
  8 centaurs
  15 crocodiles
  2 big kobolds
  17 bullfrogs
  A gnoll sergeant (D:6)
  2 jellies (D:9)
  5 scorpions
  5 killer bees
  A hornet simulacrum (D:9)
  17 wights
  6 howler monkeys
  5 crimson imps
  2 bullfrog zombies
  2 quasits
  3 centaur zombies
  2 bullfrog skeletons
  A gnoll shaman (D:5)
  7 hounds
  4 orc priests
  2 iguanas (D:10)
  14 orc wizards
  9 worker ants
  A killer bee zombie (D:9)
  A mummy (D:7)
  A killer bee simulacrum (D:9)
  A worker ant zombie (D:10)
  13 gnolls
  13 adders
  2 hound simulacra (D:9)
  6 shadow imps
  3 white imps (D:9)
  4 ufetubi (D:9)
  3 oozes
  An adder zombie (D:9)
  2 adder skeletons
  2 worms
  4 dart slugs
  An adder simulacrum (D:9)
  3 leopard geckos
  56 orcs
  A ball python (D:2)
  4 giant cockroaches
  3 hobgoblins
  14 jackals
  4 quokkas
  7 bats
  6 frilled lizards
  12 goblins
  A hobgoblin zombie (D:7)
  A jackal zombie (D:5)
  26 kobolds
  2 kobold zombies (D:7)
  An orc zombie (D:7)
  A quokka simulacrum (D:9)
  A quokka skeleton (D:7)
  4 rats
  2 bushes (D:15)
  A butterfly (Lair:2)
  4 fungi
  9 plants
639 creatures vanquished.

Vanquished Creatures (collateral kills)
  2 torpor snails (Lair:6)
  A hornet (Lair:6)
  2 tyrant leeches (Lair:6)
5 creatures vanquished.

Vanquished Creatures (others)
  An orc (D:11)
  A bush (D:15)
  2 fungi (Lair:3)
  17 plants
21 creatures vanquished.

Grand Total: 665 creatures vanquished

Notes
Turn   | Place    | Note
-------+----------+-------------------------------------------
     0 | D:1      | Fang the Gargoyle Berserker began the quest for the Orb.
     0 | D:1      | Reached XP level 1. HP: 14/14 MP: 1/1
    62 | D:1      | Reached XP level 2. HP: 11/19 MP: 2/2
   461 | D:1      | Reached XP level 3. HP: 23/23 MP: 3/3
   849 | D:2      | Found an ancient bone altar of Kikubaaqudgha.
   919 | D:2      | Reached ** piety under Trog
   953 | D:2      | Found a radiant altar of Vehumet.
   961 | D:2      | Reached XP level 4. HP: 24/29 MP: 4/4
  1141 | D:2      | Reached XP level 5. HP: 15/33 MP: 5/5
  1627 | D:2      | Noticed Sigmund
  1639 | D:2      | Killed Sigmund
  1639 | D:2      | Reached XP level 6. HP: 39/39 MP: 6/6
  2430 | D:4      | Reached skill level 5 in Fighting
  2528 | D:4      | Reached *** piety under Trog
  2574 | D:4      | Found a sparkling altar of Nemelex Xobeh.
  2611 | D:4      | Reached XP level 7. HP: 37/44 MP: 7/7
  2836 | D:4      | Found an ornate altar of the Wu Jian Council.
  3233 | D:4      | Found an opulent altar of Gozag.
  3298 | D:5      | Entered Level 5 of the Dungeon
  3304 | D:5      | Found a staircase to the Ecumenical Temple.
  3356 | D:5      | Reached skill level 5 in Armour
  3492 | D:5      | Reached XP level 8. HP: 46/51 MP: 8/8
  3516 | Temple   | Entered the Ecumenical Temple
  4310 | D:6      | Reached skill level 5 in Axes
  4833 | D:6      | Noticed Grinder
  4838 | D:6      | Paralysed by Grinder for 6 turns
  4854 | D:6      | Killed Grinder
  4854 | D:6      | Reached XP level 9. HP: 57/57 MP: 9/9
  4857 | D:6      | Reached skill level 5 in Dodging
  5144 | D:7      | Found a snail-covered altar of Cheibriados.
  5157 | D:7      | Found a shimmering altar of Xom.
  5186 | D:7      | Found a sacrificial altar of Ru.
  5267 | D:7      | Found a hide-covered altar of Uskayaw.
  5607 | D:7      | Found a flagged portal.
  5626 | Bailey   | Entered a bailey
  5631 | Bailey   | Noticed an orc warlord
  6046 | D:8      | Paralysed by fainting for 8 turns
  6082 | D:8      | Reached XP level 10. HP: 64/64 MP: 10/10
  6150 | D:8      | Found a blossoming altar of Fedhas.
  6178 | D:8      | Found a staircase to the Lair.
  6256 | D:8      | Noticed Psyche
  6280 | D:8      | Killed Psyche
  6581 | D:9      | Reached **** piety under Trog
  6632 | D:9      | Found a shadowy altar of Dithmenos.
  6830 | D:9      | Noticed a two-headed ogre
  6837 | D:9      | Killed a two-headed ogre
  7067 | D:9      | Found Seloesch's Distillery.
  7211 | D:9      | Noticed a two-headed ogre
  7228 | D:9      | Killed a two-headed ogre
  7456 | D:9      | Found a stormy altar of Qazlal.
  7487 | D:9      | Reached XP level 11. HP: 60/71 MP: 11/11
  7774 | D:10     | Entered Level 10 of the Dungeon
  7784 | D:10     | Noticed a two-headed ogre
  7796 | D:10     | Killed a two-headed ogre
  8027 | D:10     | Identified a scroll of acquirement
  8131 | D:10     | Reached skill level 10 in Fighting
  8283 | D:10     | Noticed a two-headed ogre
  8288 | D:10     | Killed a two-headed ogre
  8574 | D:10     | Reached skill level 10 in Armour
  8579 | D:10     | Reached ***** piety under Trog
  8592 | D:10     | Found a staircase to the Orcish Mines.
  8769 | D:10     | Noticed a deep elf mage
  8814 | D:10     | Got a smoking helmet
  8820 | D:10     | Identified the cursed -3 helmet of Zatoockoci {+Blink +Inv
                  | rElec Int-3 Dex+4} (You found it on level 10 of the
                  | Dungeon)
  8936 | D:11     | Noticed Fannar
  8940 | D:11     | Noticed Nergalle
  8943 | D:11     | Noticed a cyclops
  8963 | D:11     | Killed Fannar
  9146 | D:11     | Killed a cyclops
  9606 | D:11     | Received a gift from Trog
  9608 | D:11     | Reached XP level 12. HP: 61/79 MP: 12/12
  9835 | Lair:1   | Entered Level 1 of the Lair of Beasts
  9852 | Lair:1   | Noticed Harold
  9866 | Lair:1   | Killed Harold
  9952 | Lair:1   | Found a runed translucent door.
  9957 | Lair:1   | Noticed Zdeegee's ghost (journeyman TrAs)
 10172 | Lair:1   | Noticed Urug
 10203 | Lair:1   | Killed Urug
 10518 | Lair:1   | Noticed Grum
 10531 | Lair:1   | Killed Grum
 10866 | Lair:1   | Got an encrusted buckler
 10872 | Lair:1   | Identified the +1 buckler of Leaves {Int+5} (You found it
                  | on level 1 of the Lair of Beasts)
 11107 | Lair:2   | Found a hole to the Spider Nest.
 11431 | Lair:2   | Reached skill level 10 in Axes
 12088 | Lair:3   | Reached XP level 13. HP: 76/86 MP: 13/13
 12625 | Spider:1 | Entered Level 1 of the Spider Nest
 13014 | Lair:3   | Found a staircase to the Swamp.
 13056 | Lair:3   | Received a gift from Trog
 13087 | Lair:3   | Identified the +6 executioner's axe "Zevo" {flame, Int+2}
                  | (Trog gifted it to you on level 3 of the Lair of Beasts)
 14232 | Lair:5   | Found a staircase to the Slime Pits.
 14432 | Lair:5   | Reached skill level 10 in Dodging
 14871 | Lair:6   | Entered Level 6 of the Lair of Beasts
 15350 | Lair:6   | Reached ****** piety under Trog
 15360 | Lair:6   | Received a gift from Trog
 15413 | Lair:6   | Gained mutation: Your large and strong wings let you fly
                  | indefinitely. [Gargoyle growth]
 15413 | Lair:6   | Reached XP level 14. HP: 89/94 MP: 14/14
 15512 | Lair:6   | Noticed Snorg
 15523 | Lair:6   | Killed Snorg
 16006 | Lair:6   | Found a runed translucent door.
 18075 | D:13     | Found a runed translucent gate.
 18075 | D:13     | Found a runed translucent gate.
 18076 | D:13     | Found a runed translucent gate.
 18090 | D:13     | Noticed Gonodgh's ghost (journeyman MiFi)
 19087 | D:14     | Found a gate to the Vaults.
 19112 | D:14     | Reached XP level 15. HP: 78/100 MP: 15/15
 20585 | D:15     | Entered Level 15 of the Dungeon
 20622 | D:15     | Found a staircase to the Depths.
 20808 | D:15     | Received a gift from Trog
 20834 | D:14     | HP: 5/151 [white ugly thing (30)]
 20834 | D:14     | Slain by a red ugly thing

Levels and vault maps discovered:
D:1:      lemuel_arrival_cross, layout_basic, supply_closet_lemuel
D:2:      layout_loops_ring, kiku_gazebo_pond_becter, vehumet_crystals,
          first_ration, uniq_sigmund
D:3:      layout_basic
D:4:      layout_loops_cross, grunt_temple_overflow_opulence, lemuel_round_altar
D:5:      layout_basic, temple_fountains
D:6:      layout_loops_ring, uniq_grinder
D:7:      layout_cave_pools, kennysheep_little_box, marbit_many_paths,
          hangedman_ru_absence, lemuel_round_altar, enter_bailey_3,
          grunt_livestock, minmay_mini_ossuary
D:8:      layout_loops_ring, lemuel_crystal_altar, dpeg_oklobed_lair,
          nrook_uturn, uniq_psyche
D:9:      layout_roguey, grunt_dithmenos_smoke,
          nicolae_qazlal_style_of_elements, serial_shops, shop, serial_ice,
          serial_ice_o, serial_ice_e, serial_ice_f, serial_ice_c, serial_ice_m,
          serial_ice_g, serial_ice_h, serial_ice_k, serial_ice_a, serial_ice_d
D:10:     cheibrodos_barr_body, layout_loops_ring, erik_orc_1,
          lightli_corner_chamber
D:11:     layout_basic, uniq_nergalle, uniq_fannar
D:12:     layout_grid_maze
D:13:     layout_cave_pods, gammafunk_ghost_spectres, dk_noncrumbling_2
D:14:     layout_loops_ring, erik_vaults_2, infiniplex_staircase_zigzag_1,
          portal_ice_cave_entry_animals_and_master
D:15:     grunt_enter_depths_hoard, layout_long_grid, serial_park_avenue1,
          grunt_ministairs_11, minmay_hedge_maze
Temple:   jpeg_temple_alley_garden
Lair:1:   layout_regular_city, ebering_ghost_inner_flame, worms_lemuel,
          uniq_urug, uniq_grum, uniq_harold
Lair:2:   layout_layer_cave, spider_nest_entry_webs, beast_lair_carwin_8,
          lemuel_fruit_fields
Lair:3:   layout_cave_pods, minmay_swamp_entry_wisps,
          infiniplex_staircase_pool_2, lemuel_fruit_tree, grunt_megastairs_1
Lair:4:   layout_roguey, lemuel_old_faithful
Lair:5:   layout_cave_pods, slime_dummy
Lair:6:   wormcave, layout_regular_city, guppyfry_lair_end_dragon,
          serial_bayou_pond_c, pond, uniq_snorg
Spider:1: layout_chambers

Skill      XL: |  1  2  3  4  5  6  7  8  9 10 11 12 13 14 |
---------------+-------------------------------------------+-----
Axes           | 3 4 5 6 8 9 10 11 12 | 12.6
Dodging        | 2 3 4 6 7 8 9 10 11 | 11.6
Fighting       | 4 5 7 8 9 10 12 13 14 | 14.6
Armour         | 3 4 5 6 7 9 10 11 12 14 | 14.4

Action                   |  1- 3 |  4- 6 |  7- 9 | 10-12 | 13-15 || total
-------------------------+-------+-------+-------+-------+-------++-------
Melee: Hand axe          |   119 |   136 |       |       |       ||   255
       War axe           |       |    10 |   440 |   201 |       ||   651
       Broad axe         |       |       |       |   411 |   920 ||  1331
       Unarmed           |       |       |       |    24 |       ||    24
Invok: Berserk           |       |     2 |     4 |     8 |    14 ||    28
       Trog's Hand       |       |       |       |     3 |     2 ||     5
       Brothers in Arms  |       |       |       |       |     2 ||     2
 Abil: Fly               |       |       |       |       |     1 ||     1
  Use: Scroll            |       |       |       |    27 |    14 ||    41
       Potion            |       |       |       |     1 |       ||     1
 Stab: Confused          |       |       |       |       |     1 ||     1
  Eat: Chunk             |       |     8 |    15 |    25 |    41 ||    89
       Ration            |       |       |     2 |     1 |     1 ||     4
Armor: Animal skin       |    35 |    47 |    34 |       |       ||   116
       Chain mail        |       |       |   196 |       |       ||   196
       Plate armour      |       |       |       |   392 |   618 ||  1010
       Skin              |       |       |       |     1 |       ||     1
Dodge: Dodged            |    89 |   121 |   440 |   643 |   716 ||  2009
Block: Buckler           |       |       |       |    35 |    17 ||    52
       Shield            |       |       |       |       |   386 ||   386
